 Dungeon Crawl Stone Soup version 0.24.1 (webtiles) character file.

Game seed: 16559915210781475238, levelgen mode: deterministic

606 Destapler the Ducker (level 7, -1/34 HPs)
             Began as a Spriggan Artificer on Mar 29, 2020.
             Was an Initiate of Gozag.
             Slain by a gnoll
             ... wielding a +0 flail
              (12 damage)
             ... on level 5 of the Dungeon on Mar 30, 2020.
             The game lasted 00:24:07 (5817 turns).

Destapler the Ducker (Spriggan Artificer)           Turns: 5817, Time: 00:24:07

Health: -1/34      AC:  2    Str:  8    XL:     7   Next: 19%
Magic:  11/11      EV: 22    Int: 12    God:    Gozag
Gold:   218        SH:  0    Dex: 19    Spells: 6/6 levels left

rFire    . . .     SeeInvis +   a - +0 dagger
rCold    . . .     Gourm    .   (shield restricted)
rNeg     . . .     Faith    .   b - +0 robe
rPois    .         Spirit   .   t - +0 hat
rElec    .         Reflect  .   (no cloak)
rCorr    .         Harm     .   (gloves unavailable)
MR       +....                  (boots unavailable)
Stlth    +++.......             (no amulet)
HPRegen  0.11/turn              (no ring)
MPRegen  0.12/turn              (no ring)

@: very quick
A: very small, unfitting armour, see invisible, herbivore, speed 3, slow
metabolism 2
a: Potion Petition, Call Merchant, Bribe Branch, Renounce Religion


You were on level 5 of the Dungeon.
You worshipped Gozag.
Gozag was aware of your devotion.
You were very hungry.

You visited 2 branches of the dungeon, and saw 6 of its levels.

You collected 317 gold pieces.
You paid 99 gold pieces to Gozag.

Inventory:

Hand Weapons
 a - a +0 dagger (weapon)
Missiles
 j - a curare-tipped dart (quivered)
 m - 14 poisoned darts
Armour
 b - a +0 robe (worn)
 t - a +0 hat (worn)
 w - the +2 robe of Vines {NoPotionHeal Regen+7}
   (You found it on level 5 of the Dungeon)

   It increases your rate of regeneration.
Jewellery
 g - a cursed ring of attention {unknown}
Wands
 c - a wand of flame (6)
 d - a wand of enslavement (15)
 e - a wand of random effects (2)
Scrolls
 h - 5 scrolls of identify
 k - 2 scrolls of remove curse {unknown}
 o - a scroll of random uselessness {unknown}
 r - a scroll of fog {unknown}
 s - a scroll of enchant armour {unknown}
 u - a scroll of fear {unknown}
Potions
 i - a potion of ambrosia {unknown}
 l - a potion of magic {unknown}
 n - a potion of invisibility
 p - a potion of flight {unknown}
 q - a potion of curing
 v - a potion of haste {unknown}
 x - a potion of brilliance {unknown}
Comestibles
 f - 6 rations


   Skills:
 + Level 1.7 Fighting
 * Level 5.5 Short Blades
 + Level 5.8 Dodging
 + Level 5.5 Stealth
 - Level 5.0 Evocations


You had 6 spell levels left.
You didn't know any spells.
Your spell library was empty.

Dungeon Overview and Level Annotations

Branches:
Dungeon (5/15)             Temple (1/1) D:5

Altars:
Ashenzari
Cheibriados
Dithmenos
Gozag
Hepliaklqana
Kikubaaqudgha
Makhleb
Okawaru
Qazlal
Ru
Sif Muna
Trog
Uskayaw
Vehumet
Wu Jian
Xom
Yredelemnul
The Shining One


Innate Abilities, Weirdness & Mutations

You are very small and have problems with some larger weapons.
You are too small for most types of armour.
You have supernaturally acute eyesight. (SInv)
You are a herbivore.
You cover ground extremely quickly.
You need to consume almost no food.


Message History

Aiming: Random Effects
Press: ? - help, Shift-Dir - straight line, f - gnoll
Aim: a gnoll, wielding a +0 flail The fireball explodes!
The fireball engulfs the gnoll!
The gnoll is severely wounded.
The fireball engulfs the gnoll!
The gnoll is almost dead.
You hear a bark!
You hear a shout!
You hear a bark! x3
You hit the gnoll but do no damage.
The gnoll is severely wounded.
The gnoll hits you with a +0 flail!
* * * LOW HITPOINT WARNING * * *
You hit the gnoll but do no damage.
The gnoll is almost dead.
The gnoll closely misses you.
You hit the gnoll but do no damage.
The gnoll is almost dead.
The gnoll hits you with a +0 flail!
You die...
Your body crumbles into a pile of gold.

..##...[.....###..>#.
##..##................
#...###......).......#
####.#................#.#
......................###
.........#............#
.........##...........#
.....(.g.##...........#
.......g@##...........##
..#+++#..........#.....#
##..####...#.#..## #..#
#..####### #..# #### ...#
...## ....# #####


You could see 2 gnolls.

Vanquished Creatures
  A centaur (D:4)
  2 hounds (D:4)
  An orc priest (D:5)
  A gnoll shaman (D:5)
  Terence (D:3)
  2 iguanas (D:5)
  Natasha (thrice) (D:3)
  3 orc wizards
  A worker ant (D:4)
  A gnoll (D:5)
  4 adders
  An adder skeleton (D:4)
  3 worms
  A dart slug (D:2)
  2 leopard geckos (D:2)
  19 orcs
  10 goblins
  9 hobgoblins
  2 jackals (D:1)
  9 kobolds
  A quokka (D:2)
  8 bats
  5 frilled lizards
  9 rats
99 creatures vanquished.

Vanquished Creatures (others)
  An orc (D:5)
1 creature vanquished.

Grand Total: 100 creatures vanquished

Notes
Turn   | Place    | Note
-------+----------+-------------------------------------------
     0 | D:1      | Destapler the Spriggan Artificer began the quest for the
                  | Orb.
     0 | D:1      | Reached XP level 1. HP: 9/9 MP: 4/4
   648 | D:1      | Reached XP level 2. HP: 14/14 MP: 6/6
  1178 | D:2      | Reached XP level 3. HP: 17/17 MP: 7/7
  2676 | D:3      | Noticed Terence
  2685 | D:3      | Killed Terence
  2685 | D:3      | Reached XP level 4. HP: 21/21 MP: 8/8
  2691 | D:3      | Noticed Natasha
  2693 | D:3      | Killed Natasha
  2693 | D:3      | Reached XP level 5. HP: 25/25 MP: 9/9
  2704 | D:3      | Reached skill level 5 in Evocations
  2935 | D:3      | Found an iron altar of Okawaru.
  2943 | D:3      | Noticed Natasha
  2949 | D:3      | Killed Natasha
  3393 | D:3      | Noticed Natasha
  3397 | D:3      | Killed Natasha
  3868 | D:3      | Found a bloodstained altar of Trog.
  3870 | D:3      | Found a glowing silver altar of Zin.
  3870 | D:3      | Found a radiant altar of Vehumet.
  3872 | D:3      | Found a shimmering altar of Xom.
  3872 | D:3      | Found an ancient bone altar of Kikubaaqudgha.
  3872 | D:3      | Found a hazy altar of Hepliaklqana.
  4083 | D:4      | Reached XP level 6. HP: 23/29 MP: 10/10
  4091 | D:4      | Reached skill level 5 in Dodging
  4220 | D:4      | Reached skill level 1 in Fighting
  4571 | D:4      | Reached skill level 5 in Short Blades
  4571 | D:4      | Reached skill level 5 in Stealth
  4778 | D:4      | Found a hazy altar of Hepliaklqana.
  5149 | D:5      | Entered Level 5 of the Dungeon
  5223 | D:5      | Found a staircase to the Ecumenical Temple.
  5247 | Temple   | Entered the Ecumenical Temple
  5348 | Temple   | Became a worshipper of Gozag Ym Sagoz the Greedy
  5444 | D:5      | Reached XP level 7. HP: 33/33 MP: 11/11
  5503 | D:5      | Found a basalt altar of Yredelemnul.
  5749 | D:5      | Found the +2 robe of Vines {NoPotionHeal Regen+7}
  5817 | D:5      | Slain by a gnoll

Levels and vault maps discovered:
D:1:      dpeg_arrival_long_road, layout_loops_ring
D:2:      layout_loops_ring, serial_park_tiny_2
D:3:      layout_basic, okawaru_metal_pillars_1_2, serial_corexii_hall,
          corexii_hall_statues_x, corexii_hall_statues_i,
          chequers_hall_statues_wall_a, corexii_hall_statues_t,
          doesnt_xom_only_xom, uniq_natasha, uniq_terence
D:4:      layout_basic, kennysheep_mini_moat, first_ration
D:5:      layout_cave_pools, nicolae_overflow_crystal_walls,
          minmay_temple_entry_nine_rooms, serial_gnoll_camp,
          gnoll_camp_mini_hut, gnoll_camp_mini_hut, gnoll_camp_mini_doghouse,
          gnoll_camp_huts_basic, gnoll_camp_mini_basic
Temple:   regret_index_temple_generic_petals

Skill      XL: |  1  2  3  4  5  6 |
---------------+-------------------+-----
Stealth        | 2 3 4 5 |  5.5
Short Blades   | 2 3 4 5 |  5.5
Dodging        | 4 5 |  5.8
Evocations     | 5 |  5.0
Fighting       | 1 |  1.7

Action                   |  1- 3 |  4- 6 |  7- 9 || total
-------------------------+-------+-------+-------++-------
Melee: Dagger            |   168 |   238 |    32 ||   438
       Short sword       |    10 |       |       ||    10
Throw: Stone             |    16 |    35 |       ||    51
       Dart              |       |    22 |     1 ||    23
Evoke: Wand              |    11 |    10 |     1 ||    22
  Use: Potion            |       |     3 |       ||     3
       Scroll            |       |     1 |       ||     1
 Stab: Sleeping          |    14 |     5 |     1 ||    20
       Paralysed         |     2 |       |       ||     2
       Confused          |       |     1 |       ||     1
       Invisible         |       |     1 |     3 ||     4
  Eat: Ration            |       |     1 |       ||     1
Armor: Robe              |    13 |     8 |       ||    21
Dodge: Dodged            |   124 |   182 |    14 ||   320
